Workbook

Sheet NOVO GRAF+TABLICA
A3: OVERVIEW OF BASIC STATUS INFORMATION ON THE PENSION INSURANCE SYSTEM for August 2026 (paid in September 2026)
E16: jedna decimala
F32: treba novo
A45: * In 2026, an average net salary in the Republic of Croaita is available for July 2026.
A47: I. Pension beneficiaries entitled according to the Pension Insurance Act not including international agreements
A48: Type of pension | B48: Number of beneficiaries | C48: Average net pesnion in euros (EUR) | D48: Net replacement rate for July 2026.
A49: Old age pension | B49: 410335 | C49: 754.88 | D49: =C49/$C$69 -> 0.49018182
A50: Old age pension for long-term insurees | B50: 60779 | C50: 835.4 | D50: =C50/$C$69 -> 0.54246753
A51: Old age pension transformed from disability pension | B51: 60695 | C51: 681 | D51: =C51/$C$69 -> 0.44220779
A52: Old age pension - subtotal | B52: 531809 | C52: 755.65 | D52: =C52/$C$69 -> 0.49068182
A53: Early age pension | B53: 80662 | C53: 633.2 | D53: =C53/$C$69 -> 0.41116883
A54: Early age pension without reduction of the initial factor | B54: 99671 | C54: 778.58 | D54: =C54/$C$69 -> 0.50557143
A55: Early age pension because of the employer's bankruptcy | B55: 377 | C55: 672.38 | D55: =C55/$C$69 -> 0.43661039
A56: Old age pension - grand total | B56: 712519 | C56: 744.95 | D56: =C56/$C$69 -> 0.48373377
A57: Disability pension | B57: 79931 | C57: 557.09 | D57: =C57/$C$69 -> 0.36174675
A58: Survivor's pension | B58: 150873 | C58: 573.02 | D58: =C58/$C$69 -> 0.37209091
A59: I. TOTAL PENSION INSURANCE ACT | B59: 943323 | C59: 701.53 | D59: =C59/$C$69 -> 0.45553896
A60: II. Active military personnel - DVO | B60: 16296 | C60: 997.08 | D60: =C60/$C$69 -> 0.64745455
... A67: Beneficiaries with minimum pension retire according to the Pension Insurance Act (ZOMO) | B67: 284213 | C67: 502.19 | D67: =C67/$C$69 -> 0.3260974
A68: Actual pension value (AVM in EUR) and the adjustment % | B68: 15.64 | C68: 5.4
A69: Average net salary in the Republic of Croatia for July 2026., in EUR (source: State Bureau of Statistics) | C69: 1540
A70: As of January 2026, act 85 of the Pension Insurance Act came into effect (Official Gazette 96/25).
A71: As of March 2026, in use act 83 paragraph 9 and act 169 paragraph 9 of the Pension Insurance Act came into effect (Official Gazette 96/25).
F82: ako dođe i-vii
A96: Source of data: gross balance
A97: The amounts in columns 2012-2022 are convered from HRK to EUR, according to the fixed exchange rate (1 EUR=7,53450 HRK)
A99: Note: *For 2023, the expenses of a one-time cash benefit paid to pensioners to mitigate the consequences caused by the COVID-19 disease, in the total amount of EUR 62.308.819, mostly paid in April, are included.
A102: *For 2022, the expenses of a one-time cash benefit paid to the pensioners to mitigate the consequences of the increased energy prices, in total amount of EUR 59.648.802, mostly paid in May; the expenses of a one-time cash benefit paid to pensioners to mitigate the consequences of increases prices, in the total amount of EUR 62.419.295, mostly paid in October; and the expenses of a one-time benefit paid to pensioners to mitigate the consequences of increased costs of living, in the total amount of EUR 61.727.693, mostly paid in December, are included.
A103: *For 2023, the expenses of a one-time cash benefit paid to pensioners to mitigate the consequences of the increased costs of living, in the amount of EUR 210.483.302 are included. *For 2024, the expenses of a one-time cash benefit paid to pensioners to mitigate the consequences of the increased costs of living, in the amount of EUR 253.433.409 are included. *For 2025, the expenses of a one-time cash benefit paid to pensioners in the amount of EUR 61.460.999 are included and the payment of annual pension supplement of 271.561.812 euros (EUR) **As for 2026, the last available (temporary) data on expenditure incurred for pensions and pension benefits refers to July 2026, while the planned expenditure from January to December 2026 is 10.195.665.863 euro.

Sheet starosna mirovina BMU
B2: OLD AGE PENSION BENEFICIARIES ENTITLED ACCORDING TO THE PENSION INSURANCE ACT - NOT INCLUDING INTERNATIONAL AGREEMENTS
B5: For August 2026 (paid in September 2026)
B6: Qualifying period (years) | C6: Number of beneficiaries | D6: Average net pension amount | E6: Net replacement rate for July 2026.
B7: up to 19 | C7: 60410 | D7: 368.95119 | E7: =D7/$D$33 -> 0.23957869
B8: 20 - 24 | C8: 46002 | D8: 451.92 | E8: =D8/$D$33 -> 0.29345455
B9: 25 - 29 | C9: 49629 | D9: 578.15 | E9: =D9/$D$33 -> 0.37542208
B10: 30 | C10: 19176 | D10: 714.33 | E10: =D10/$D$33 -> 0.46385065
B11: 31 | C11: 12405 | D11: 734.55 | E11: =D11/$D$33 -> 0.47698052
B12: 32 | C12: 11549 | D12: 748.33 | E12: =D12/$D$33 -> 0.48592857
B13: 33 | C13: 10339 | D13: 774.18 | E13: =D13/$D$33 -> 0.50271429
B14: 34 | C14: 8477 | D14: 814.61 | E14: =D14/$D$33 -> 0.52896753
B15: 35 | C15: 38244 | D15: 838.33 | E15: =D15/$D$33 -> 0.54437013
B16: 36 | C16: 13559 | D16: 884.24 | E16: =D16/$D$33 -> 0.57418182
B17: 37 | C17: 12405 | D17: 928.36 | E17: =D17/$D$33 -> 0.60283117
B18: 38 | C18: 12532 | D18: 979.52 | E18: =D18/$D$33 -> 0.63605195
B19: 39 | C19: 12566 | D19: 1029.27 | E19: =D19/$D$33 -> 0.66835714
B20: 40 | C20: 25593 | D20: 1024.99 | E20: =D20/$D$33 -> 0.66557792
B21: 41 | C21: 15151 | D21: 1043.56 | E21: =D21/$D$33 -> 0.67763636
... B25: 45 | C25: 9857 | D25: 1075.63 | E25: =D25/$D$33 -> 0.69846104
B26: 46 and more | C26: 19296 | D26: 1205.89 | E26: =D26/$D$33 -> 0.78304545
B27: TOTAL | C27: =SUM(C7:C26) -> 410335 | D27: 754.88 | E27: =D27/$D$33 -> 0.49018182
B28: 0 - 34 | C28: 217987 | D28: 541.92 | E28: =D28/$D$33 -> 0.3518961
B29: 35 - 39 | C29: 89306 | D29: 904.49 | E29: =D29/$D$33 -> 0.58733117
B30: 40 and more | C30: 103042 | D30: 1075.72 | E30: =D30/$D$33 -> 0.69851948
B31: Number of beneficiaries not including Active Military Personnel (DVO), Police Officers (PO), Authorised Officials (OSO), Croatian Veterans from the Homeland War- ZOHBDR and Members of the Croatian Defence Council (HVO).
B33: Prosječna mjesečna isplaćena netoplaća Republike Hrvatske za srpanj 2026. u eurima (EUR) (izvor: DZS) | D33: 1540

Sheet starosna za dugo.osig. BMU
B2: BENEFICIARIES OF OLD AGE PENSION FOR LONG TERM INSUREES, ENTITLED ACCORDING TO THE PENSION INSURANCE ACT - NOT INCLUDING INTERNATIONAL AGREEMENTS
B5: ='starosna mirovina BMU'!B5 -> For August 2026 (paid in September 2026)
B6: Qualifying period (years) | C6: ='starosna mirovina BMU'!C6 -> Number of beneficiaries | D6: ='starosna mirovina BMU'!D6 -> Average net pension amount | E6: ='starosna mirovina BMU'!E6 -> Net replacement rate for July 2026.
B7: 41 | C7: 31385 | D7: 800.35264 | E7: =D7/$D$16 -> 0.51970951
B8: 42 | C8: 13002 | D8: 835.89 | E8: =D8/$D$16 -> 0.54278571
B9: 43 | C9: 7429 | D9: 873.89 | E9: =D9/$D$16 -> 0.56746104
B10: 44 | C10: 4321 | D10: 906.94 | E10: =D10/$D$16 -> 0.58892208
B11: 45 | C11: 2476 | D11: 930.67 | E11: =D11/$D$16 -> 0.60433117
B12: 46 and more | C12: 2166 | D12: 956.78 | E12: =D12/$D$16 -> 0.62128571
B13: TOTAL | C13: =SUM(C7:C12) -> 60779 | D13: 835.4 | E13: =D13/$D$16 -> 0.54246753
B14: ='starosna mirovina BMU'!B31 -> Number of beneficiaries not including Active Military Personnel (DVO), Police Officers (PO), Authorised Officials (OSO), Croatian Veterans from the Homeland War- ZOHBDR and Members of the Croatian Defence Council (HVO).
B16: ='starosna mirovina BMU'!B33:C33 -> Prosječna mjesečna isplaćena netoplaća Republike Hrvatske za srpanj 2026. u eurima (EUR) (izvor: DZS) | D16: ='starosna mirovina BMU'!D33 -> 1540

Sheet starosna prevedena iz inv.BMU
B2: BENEFICIARIES OF OLD AGE PENSIONS CONVERTED FROM DISABILITY PENSIONS, ENTITLED ACCORDING TO THE PENSION INSURANCE ACT - NOT INCLUDING INTERNATIONAL AGREEMENTS
B5: ='starosna mirovina BMU'!B5 -> For August 2026 (paid in September 2026)
B6: Qualifying period (years) | C6: ='starosna mirovina BMU'!C6 -> Number of beneficiaries | D6: ='starosna mirovina BMU'!D6 -> Average net pension amount | E6: ='starosna mirovina BMU'!E6 -> Net replacement rate for July 2026.
B7: up to 19 | C7: 17167 | D7: 486.14607 | E7: =D7/$D$33 -> 0.31567927
B8: 20 - 24 | C8: 14179 | D8: 660.5 | E8: =D8/$D$33 -> 0.4288961
B9: 25 - 29 | C9: 15508 | D9: 771.48 | E9: =D9/$D$33 -> 0.50096104
B10: 30 | C10: 2826 | D10: 815.74 | E10: =D10/$D$33 -> 0.5297013
B11: 31 | C11: 2265 | D11: 828.56 | E11: =D11/$D$33 -> 0.53802597
B12: 32 | C12: 2033 | D12: 835.76 | E12: =D12/$D$33 -> 0.5427013
B13: 33 | C13: 1667 | D13: 860.56 | E13: =D13/$D$33 -> 0.55880519
B14: 34 | C14: 1283 | D14: 849.75 | E14: =D14/$D$33 -> 0.55178571
B15: 35 | C15: 1074 | D15: 841.1 | E15: =D15/$D$33 -> 0.54616883
B16: 36 | C16: 823 | D16: 863.72 | E16: =D16/$D$33 -> 0.56085714
B17: 37 | C17: 604 | D17: 848.8 | E17: =D17/$D$33 -> 0.55116883
B18: 38 | C18: 475 | D18: 876.48 | E18: =D18/$D$33 -> 0.56914286
B19: 39 | C19: 288 | D19: 893.32 | E19: =D19/$D$33 -> 0.58007792
B20: 40 | C20: 233 | D20: 868.79 | E20: =D20/$D$33 -> 0.56414935
B21: 41 | C21: 117 | D21: 888.87 | E21: =D21/$D$33 -> 0.57718831
... B25: 45 | C25: 15 | D25: 945.01 | E25: =D25/$D$33 -> 0.61364286
B26: 46 and more | C26: 14 | D26: 1058.58 | E26: =D26/$D$33 -> 0.68738961
B27: TOTAL | C27: =SUM(C7:C26) -> 60695 | D27: 681 | E27: =D27/$D$33 -> 0.44220779
B28: 0 - 34 | C28: 56928 | D28: 668.93 | E28: =D28/$D$33 -> 0.43437013
B29: 35 - 39 | C29: 3264 | D29: 857.98 | E29: =D29/$D$33 -> 0.55712987
B30: 40 and more | C30: 503 | D30: 898.92 | E30: =D30/$D$33 -> 0.58371429
B31: ='starosna mirovina BMU'!B31 -> Number of beneficiaries not including Active Military Personnel (DVO), Police Officers (PO), Authorised Officials (OSO), Croatian Veterans from the Homeland War- ZOHBDR and Members of the Croatian Defence Council (HVO).
B33: ='starosna mirovina BMU'!B33:C33 -> Prosječna mjesečna isplaćena netoplaća Republike Hrvatske za srpanj 2026. u eurima (EUR) (izvor: DZS) | D33: ='starosna mirovina BMU'!D33 -> 1540

Sheet UKUPNO starosna BMU
B2: KORISNICI UKUPNE STAROSNE MIROVINE KOJI SU PRAVO NA MIROVINU OSTVARILI PREMA ZAKONU O MIROVINSKOM OSIGURANJU - BEZ MEĐUNARODNIH UGOVORA
B3: ( Starosna + starosna za dugog.osiguranika + starosna preved. iz invalidske)
B6: ='starosna prevedena iz inv.BMU'!B5 -> For August 2026 (paid in September 2026)
B7: godine mirovinskog staža | C7: broj korisnika | D7: prosječni iznos netomirovine | E7: ='starosna mirovina BMU'!E6 -> Net replacement rate for July 2026.
B8: do - 19 | C8: 79109 | D8: 287.86682 | E8: =D8/$D$34 -> 0.18692651
B9: 20 - 24 | C9: 62083 | D9: 363.79 | E9: =D9/$D$34 -> 0.23622727
B10: 25 - 29 | C10: 65926 | D10: 459.82 | E10: =D10/$D$34 -> 0.29858442
B11: 30 | C11: 24220 | D11: 544.19 | E11: =D11/$D$34 -> 0.35337013
B12: 31 | C12: 15667 | D12: 562.73 | E12: =D12/$D$34 -> 0.36540909
B13: 32 | C13: 14476 | D13: 572.71 | E13: =D13/$D$34 -> 0.37188961
B14: 33 | C14: 12648 | D14: 594.57 | E14: =D14/$D$34 -> 0.38608442
B15: 34 | C15: 9880 | D15: 627.23 | E15: =D15/$D$34 -> 0.40729221
B16: 35 | C16: 45732 | D16: 635.46 | E16: =D16/$D$34 -> 0.41263636
B17: 36 | C17: 15233 | D17: 676.56 | E17: =D17/$D$34 -> 0.43932468
B18: 37 | C18: 13154 | D18: 713.68 | E18: =D18/$D$34 -> 0.46342857
B19: 38 | C19: 12503 | D19: 755.08 | E19: =D19/$D$34 -> 0.49031169
B20: 39 | C20: 11689 | D20: 797.58 | E20: =D20/$D$34 -> 0.51790909
B21: 40 | C21: 27902 | D21: 780.05 | E21: =D21/$D$34 -> 0.50652597
B22: 41 | C22: 37315 | D22: 685.59 | E22: =D22/$D$34 -> 0.44518831
... B26: 45 | C26: 9557 | D26: 808.13 | E26: =D26/$D$34 -> 0.52475974
B27: 46 I VIŠE | C27: 15515 | D27: 897.91 | E27: =D27/$D$34 -> 0.58305844
B28: UKUPNO | C28: 519544 | D28: 561.12 | E28: =D28/$D$34 -> 0.36436364
B29: 0 - 34 | C29: 284009 | D29: 421.38 | E29: =D29/$D$34 -> 0.27362338
B30: 35 - 39 | C30: 98311 | D30: 686.78 | E30: =D30/$D$34 -> 0.44596104
B31: 40 I VIŠE | C31: 137224 | D31: 760.29 | E31: =D31/$D$34 -> 0.49369481
B34: ='starosna mirovina BMU'!B33:C33 -> Prosječna mjesečna isplaćena netoplaća Republike Hrvatske za srpanj 2026. u eurima (EUR) (izvor: DZS) | D34: ='starosna mirovina BMU'!D33 -> 1540

Sheet PSM BMU
B2: EARLY AGE PENSIONS BENEFICIARIES ENTITLED ACCORDING TO THE PENSION INSURANCE ACT - NOT INCLUDING INTERNATIONAL AGREEMENTS
B5: ='starosna mirovina BMU'!B5 -> For August 2026 (paid in September 2026)
B6: Qualifying period (years) | C6: ='starosna mirovina BMU'!C6 -> Number of beneficiaries | D6: ='starosna mirovina BMU'!D6 -> Average net pension amount | E6: ='starosna mirovina BMU'!E6 -> Net replacement rate for July 2026.
B7: 30 | C7: 3229 | D7: 502.97022 | E7: =D7/$D$30 -> 0.32660404
B8: 31 | C8: 3546 | D8: 480.89 | E8: =D8/$D$30 -> 0.31226623
B9: 32 | C9: 5084 | D9: 521.13 | E9: =D9/$D$30 -> 0.3383961
B10: 33 | C10: 5796 | D10: 557.38 | E10: =D10/$D$30 -> 0.36193506
B11: 34 | C11: 5434 | D11: 581.7 | E11: =D11/$D$30 -> 0.37772727
B12: 35 | C12: 11826 | D12: 636.84 | E12: =D12/$D$30 -> 0.41353247
B13: 36 | C13: 9679 | D13: 647.85 | E13: =D13/$D$30 -> 0.42068182
B14: 37 | C14: 10249 | D14: 667.52 | E14: =D14/$D$30 -> 0.43345455
B15: 38 | C15: 9856 | D15: 678.65 | E15: =D15/$D$30 -> 0.44068182
B16: 39 | C16: 8130 | D16: 701.67 | E16: =D16/$D$30 -> 0.45562987
B17: 40 | C17: 5157 | D17: 723.86 | E17: =D17/$D$30 -> 0.47003896
B18: 41 | C18: 1600 | D18: 715.46 | E18: =D18/$D$30 -> 0.46458442
... B22: 45 | C22: 50 | D22: 809.55 | E22: =D22/$D$30 -> 0.52568182
B23: 46 and more | C23: 41 | D23: 852.27 | E23: =D23/$D$30 -> 0.55342208
B24: TOTAL | C24: =SUM(C7:C23) -> 80662 | D24: 633.2 | E24: =D24/$D$30 -> 0.41116883
B25: 0 - 34 | C25: 23089 | D25: 535.77 | E25: =D25/$D$30 -> 0.3479026
B26: 35 - 39 | C26: 49740 | D26: 664.18 | E26: =D26/$D$30 -> 0.43128571
B27: 40 and more | C27: 7833 | D27: 723.62 | E27: =D27/$D$30 -> 0.46988312
B28: ='starosna mirovina BMU'!B31 -> Number of beneficiaries not including Active Military Personnel (DVO), Police Officers (PO), Authorised Officials (OSO), Croatian Veterans from the Homeland War- ZOHBDR and Members of the Croatian Defence Council (HVO).
B30: ='starosna mirovina BMU'!B33:C33 -> Prosječna mjesečna isplaćena netoplaća Republike Hrvatske za srpanj 2026. u eurima (EUR) (izvor: DZS) | D30: ='starosna mirovina BMU'!D33 -> 1540

Sheet PSM 70+
B2: BENEFFICIARIES OF AN EARLY AGE PENSION WITHOUT REDUCTION OF THE INITIAL FACTOR, WHO HAVE BECOME ELIGIBLE UNDER THE THE PENSION INSURANCE ACT 83 PARAGRAPH 9 1) - NOT INCLUDING INTERNATIONAL AGREEMENTS
B5: ='starosna mirovina BMU'!B5 -> For August 2026 (paid in September 2026)
B6: Qualifying period (years) | C6: ='starosna mirovina BMU'!C6 -> Number of beneficiaries | D6: ='starosna mirovina BMU'!D6 -> Average net pension amount | E6: ='starosna mirovina BMU'!E6 -> Net replacement rate for July 2026.
B7: do - 19 | C7: 15 | D7: 344.4 | E7: =D7/$D$34 -> 0.22363636
B8: 20 - 24 | C8: 20 | D8: 466.41 | E8: =D8/$D$34 -> 0.30286364
B9: 25 - 29 | C9: 24 | D9: 543.61 | E9: =D9/$D$34 -> 0.35299351
B10: 30 | C10: 16011 | D10: 630.07 | E10: =D10/$D$34 -> 0.40913636
B11: 31 | C11: 6347 | D11: 666.68 | E11: =D11/$D$34 -> 0.43290909
B12: 32 | C12: 5580 | D12: 695.09 | E12: =D12/$D$34 -> 0.45135714
B13: 33 | C13: 4674 | D13: 718.58 | E13: =D13/$D$34 -> 0.46661039
B14: 34 | C14: 3540 | D14: 737.38 | E14: =D14/$D$34 -> 0.47881818
B15: 35 | C15: 17123 | D15: 802.76 | E15: =D15/$D$34 -> 0.52127273
B16: 36 | C16: 9374 | D16: 815.08 | E16: =D16/$D$34 -> 0.52927273
B17: 37 | C17: 8552 | D17: 833.53 | E17: =D17/$D$34 -> 0.54125325
B18: 38 | C18: 7918 | D18: 849.88 | E18: =D18/$D$34 -> 0.55187013
B19: 39 | C19: 6930 | D19: 857.79 | E19: =D19/$D$34 -> 0.55700649
B20: 40 | C20: 6505 | D20: 869.49 | E20: =D20/$D$34 -> 0.5646039
B21: 41 | C21: 3339 | D21: 897.39 | E21: =D21/$D$34 -> 0.58272078
... B25: 45 | C25: 247 | D25: 1005.9 | E25: =D25/$D$34 -> 0.65318182
B26: 46 I VIŠE | C26: 175 | D26: 1053.5 | E26: =D26/$D$34 -> 0.68409091
B27: UKUPNO | C27: =SUM(C7:C26) -> 99671 | D27: 778.58 | E27: =D27/$D$34 -> 0.50557143
B28: 0 - 34 | C28: 36211 | D28: 668.16 | E28: =D28/$D$34 -> 0.43387013
B29: 35 - 39 | C29: 49897 | D29: 825.47 | E29: =D29/$D$34 -> 0.53601948
B30: 40 I VIŠE | C30: 13563 | D30: 900.91 | E30: =D30/$D$34 -> 0.58500649
B31: ='starosna mirovina BMU'!B31 -> Number of beneficiaries not including Active Military Personnel (DVO), Police Officers (PO), Authorised Officials (OSO), Croatian Veterans from the Homeland War- ZOHBDR and Members of the Croatian Defence Council (HVO).
B33: 1)The number of pension beneficiaries includes early-age pensioners (99%), old-age pensioners, and beneficiaries of pensions for long-term insured persons (1%).
B34: ='starosna mirovina BMU'!B33:C33 -> Prosječna mjesečna isplaćena netoplaća Republike Hrvatske za srpanj 2026. u eurima (EUR) (izvor: DZS) | D34: ='starosna mirovina BMU'!D33 -> 1540

Sheet PSM zbog stečaja BMU
B2: BENEFICIARIES OF EARLY AGE PENSIONS BECAUSE OF THE EMPLOYER'S BANKRUPTCY, ENTITLED ACCORDING TO THE PENSION INSURANCE ACT - NOT INCLUDING INTERNATIONAL AGREEMENTS
B5: ='starosna mirovina BMU'!B5 -> For August 2026 (paid in September 2026)
B6: Qualifying period (years) | C6: ='starosna mirovina BMU'!C6 -> Number of beneficiaries | D6: ='starosna mirovina BMU'!D6 -> Average net pension amount | E6: ='starosna mirovina BMU'!E6 -> Net replacement rate for July 2026.
B7: 31 | C7: 13 | D7: 568.52 | E7: =D7/$D$29 -> 0.36916883
B8: 32 | C8: 45 | D8: 564.95 | E8: =D8/$D$29 -> 0.36685065
B9: 33 | C9: 39 | D9: 585.24 | E9: =D9/$D$29 -> 0.38002597
B10: 34 | C10: 23 | D10: 600.46 | E10: =D10/$D$29 -> 0.38990909
B11: 35 | C11: 88 | D11: 696.24 | E11: =D11/$D$29 -> 0.4521039
B12: 36 | C12: 56 | D12: 686.83 | E12: =D12/$D$29 -> 0.44599351
B13: 37 | C13: 48 | D13: 700.5 | E13: =D13/$D$29 -> 0.45487013
B14: 38 | C14: 27 | D14: 750.14 | E14: =D14/$D$29 -> 0.4871039
B15: 39 | C15: 19 | D15: 758.98 | E15: =D15/$D$29 -> 0.49284416
B16: 40 | C16: 10 | D16: 816.52 | E16: =D16/$D$29 -> 0.53020779
B17: 41 | C17: 3 | D17: 850.95 | E17: =D17/$D$29 -> 0.55256494
B18: 42 | C18: 4 | D18: 844.47 | E18: =D18/$D$29 -> 0.54835714
... B21: 45 | C21: 0 | D21: 0 | E21: =D21/$D$29 -> 0
B22: 46 and more | C22: 0 | D22: 0 | E22: =D22/$D$29 -> 0
B23: TOTAL | C23: =SUM(C7:C22) -> 377 | D23: 672.38 | E23: =D23/$D$29 -> 0.43661039
B24: 0 - 34 | C24: 120 | D24: 578.74 | E24: =D24/$D$29 -> 0.37580519
B25: 35 - 39 | C25: 238 | D25: 706.01 | E25: =D25/$D$29 -> 0.45844805
B26: 40 and more | C26: 19 | D26: 842.6 | E26: =D26/$D$29 -> 0.54714286
B27: ='starosna mirovina BMU'!B31 -> Number of beneficiaries not including Active Military Personnel (DVO), Police Officers (PO), Authorised Officials (OSO), Croatian Veterans from the Homeland War- ZOHBDR and Members of the Croatian Defence Council (HVO).
B29: ='starosna mirovina BMU'!B33:C33 -> Prosječna mjesečna isplaćena netoplaća Republike Hrvatske za srpanj 2026. u eurima (EUR) (izvor: DZS) | D29: ='starosna mirovina BMU'!D33 -> 1540

Sheet sveukupno ST BMU
B2: TOTAL OLD AGE PENSION BENEFICIARIES ENTITLED ACCORDING TO THE PENSION INSURANCE ACT - NOT INCLUDING INTERNATIONAL AGREEMENTS
B5: ='starosna mirovina BMU'!B5 -> For August 2026 (paid in September 2026)
B6: Qualifying period (years) | C6: ='starosna mirovina BMU'!C6 -> Number of beneficiaries | D6: ='starosna mirovina BMU'!D6 -> Average net pension amount | E6: ='starosna mirovina BMU'!E6 -> Net replacement rate for July 2026.
B7: up to 19 | C7: 80584 | D7: 401.93279 | E7: =D7/$D$33 -> 0.26099532
B8: 20 - 24 | C8: 60201 | D8: 501.05 | E8: =D8/$D$33 -> 0.32535714
B9: 25 - 29 | C9: 65161 | D9: 624.14 | E9: =D9/$D$33 -> 0.40528571
B10: 30 | C10: 39234 | D10: 678.74 | E10: =D10/$D$33 -> 0.44074026
B11: 31 | C11: 24577 | D11: 688.99 | E11: =D11/$D$33 -> 0.4473961
B12: 32 | C12: 24291 | D12: 695.53 | E12: =D12/$D$33 -> 0.45164286
B13: 33 | C13: 22515 | D13: 712.89 | E13: =D13/$D$33 -> 0.46291558
B14: 34 | C14: 18757 | D14: 734.7 | E14: =D14/$D$33 -> 0.47707792
B15: 35 | C15: 68355 | D15: 794.42 | E15: =D15/$D$33 -> 0.51585714
B16: 36 | C16: 33491 | D16: 795.73 | E16: =D16/$D$33 -> 0.51670779
B17: 37 | C17: 31858 | D17: 817.14 | E17: =D17/$D$33 -> 0.53061039
B18: 38 | C18: 30808 | D18: 848.16 | E18: =D18/$D$33 -> 0.55075325
B19: 39 | C19: 27933 | D19: 889.79 | E19: =D19/$D$33 -> 0.57778571
B20: 40 | C20: 37505 | D20: 955.59 | E20: =D20/$D$33 -> 0.62051299
B21: 41 | C21: 50603 | D21: 879.51 | E21: =D21/$D$33 -> 0.57111039
... B25: 45 | C25: 12645 | D25: 1044.67 | E25: =D25/$D$33 -> 0.67835714
B26: 46 and more | C26: 21692 | D26: 1179.03 | E26: =D26/$D$33 -> 0.7656039
B27: TOTAL | C27: =SUM(C7:C26) -> 712519 | D27: 744.95 | E27: =D27/$D$33 -> 0.48373377
B28: 0 - 34 | C28: 335320 | D28: 577.1 | E28: =D28/$D$33 -> 0.37474026
B29: 35 - 39 | C29: 192445 | D29: 820.85 | E29: =D29/$D$33 -> 0.53301948
B30: 40 and more | C30: 184754 | D30: 970.53 | E30: =D30/$D$33 -> 0.63021429
B31: ='starosna mirovina BMU'!B31 -> Number of beneficiaries not including Active Military Personnel (DVO), Police Officers (PO), Authorised Officials (OSO), Croatian Veterans from the Homeland War- ZOHBDR and Members of the Croatian Defence Council (HVO).
B33: ='starosna mirovina BMU'!B33:C33 -> Prosječna mjesečna isplaćena netoplaća Republike Hrvatske za srpanj 2026. u eurima (EUR) (izvor: DZS) | D33: ='starosna mirovina BMU'!D33 -> 1540

Sheet invalidska BMU
B2: DISABILITY PENSION BENEFICIARIES ENTITLED ACCORDING TO THE PENSION INSURANCE ACT - NOT INCLUDING INTERNATIONAL AGREEMENTS
B5: ='starosna mirovina BMU'!B5 -> For August 2026 (paid in September 2026)
B6: Qualifying period (years) | C6: ='starosna mirovina BMU'!C6 -> Number of beneficiaries | D6: ='starosna mirovina BMU'!D6 -> Average net pension amount | E6: ='starosna mirovina BMU'!E6 -> Net replacement rate for July 2026.
B7: up to 19 | C7: 32156 | D7: 457.11459 | E7: =D7/$D$33 -> 0.29682765
B8: 20 - 24 | C8: 16429 | D8: 556.37 | E8: =D8/$D$33 -> 0.36127922
B9: 25 - 29 | C9: 16355 | D9: 620.01 | E9: =D9/$D$33 -> 0.4026039
B10: 30 | C10: 2783 | D10: 662.54 | E10: =D10/$D$33 -> 0.43022078
B11: 31 | C11: 2320 | D11: 668.37 | E11: =D11/$D$33 -> 0.43400649
B12: 32 | C12: 2003 | D12: 686.1 | E12: =D12/$D$33 -> 0.44551948
B13: 33 | C13: 1827 | D13: 702.5 | E13: =D13/$D$33 -> 0.45616883
B14: 34 | C14: 1507 | D14: 716.86 | E14: =D14/$D$33 -> 0.46549351
B15: 35 | C15: 1238 | D15: 720.52 | E15: =D15/$D$33 -> 0.46787013
B16: 36 | C16: 1014 | D16: 735.5 | E16: =D16/$D$33 -> 0.4775974
B17: 37 | C17: 715 | D17: 749.47 | E17: =D17/$D$33 -> 0.48666883
B18: 38 | C18: 573 | D18: 754.66 | E18: =D18/$D$33 -> 0.49003896
B19: 39 | C19: 400 | D19: 770.22 | E19: =D19/$D$33 -> 0.50014286
B20: 40 | C20: 243 | D20: 783.65 | E20: =D20/$D$33 -> 0.50886364
B21: 41 | C21: 142 | D21: 789.42 | E21: =D21/$D$33 -> 0.51261039
... B25: 45 | C25: 21 | D25: 897.28 | E25: =D25/$D$33 -> 0.58264935
B26: 46 and more | C26: 29 | D26: 968.68 | E26: =D26/$D$33 -> 0.62901299
B27: TOTAL | C27: =SUM(C7:C26) -> 79931 | D27: 557.09 | E27: =D27/$D$33 -> 0.36174675
B28: 0 - 34 | C28: 75380 | D28: 545.4 | E28: =D28/$D$33 -> 0.35415584
B29: 35 - 39 | C29: 3940 | D29: 739.64 | E29: =D29/$D$33 -> 0.48028571
B30: 40 and more | C30: 611 | D30: 821.67 | E30: =D30/$D$33 -> 0.53355195
B31: ='starosna mirovina BMU'!B31 -> Number of beneficiaries not including Active Military Personnel (DVO), Police Officers (PO), Authorised Officials (OSO), Croatian Veterans from the Homeland War- ZOHBDR and Members of the Croatian Defence Council (HVO).
B33: ='starosna mirovina BMU'!B33:C33 -> Prosječna mjesečna isplaćena netoplaća Republike Hrvatske za srpanj 2026. u eurima (EUR) (izvor: DZS) | D33: ='starosna mirovina BMU'!D33 -> 1540

Sheet obiteljska BMU
B2: SURVIVOR'S PENSION BENEFICIARIES ENTITLED ACCORDING TO THE PENSION INSURANCE ACT - NOT INCLUDING INTERNATIONAL AGREEMENTS
B5: ='starosna mirovina BMU'!B5 -> For August 2026 (paid in September 2026)
B6: Qualifying period (years) | C6: ='starosna mirovina BMU'!C6 -> Number of beneficiaries | D6: ='starosna mirovina BMU'!D6 -> Average net pension amount | E6: ='starosna mirovina BMU'!E6 -> Net replacement rate for July 2026.
B7: up to 19 | C7: 39235 | D7: 379.41372 | E7: =D7/$D$33 -> 0.24637255
B8: 20 - 24 | C8: 17824 | D8: 440.06 | E8: =D8/$D$33 -> 0.28575325
B9: 25 - 29 | C9: 19213 | D9: 535.23 | E9: =D9/$D$33 -> 0.34755195
B10: 30 | C10: 4748 | D10: 582.45 | E10: =D10/$D$33 -> 0.37821429
B11: 31 | C11: 4293 | D11: 609.5 | E11: =D11/$D$33 -> 0.39577922
B12: 32 | C12: 4198 | D12: 613.87 | E12: =D12/$D$33 -> 0.39861688
B13: 33 | C13: 4073 | D13: 636.58 | E13: =D13/$D$33 -> 0.41336364
B14: 34 | C14: 3668 | D14: 659.68 | E14: =D14/$D$33 -> 0.42836364
B15: 35 | C15: 11834 | D15: 639.65 | E15: =D15/$D$33 -> 0.41535714
B16: 36 | C16: 5604 | D16: 690.9 | E16: =D16/$D$33 -> 0.44863636
B17: 37 | C17: 4676 | D17: 721.48 | E17: =D17/$D$33 -> 0.46849351
B18: 38 | C18: 4188 | D18: 758.83 | E18: =D18/$D$33 -> 0.49274675
B19: 39 | C19: 3267 | D19: 781.82 | E19: =D19/$D$33 -> 0.50767532
B20: 40 | C20: 13129 | D20: 774.66 | E20: =D20/$D$33 -> 0.50302597
B21: 41 | C21: 3437 | D21: 809.98 | E21: =D21/$D$33 -> 0.52596104
... B25: 45 | C25: 867 | D25: 949.41 | E25: =D25/$D$33 -> 0.6165
B26: 46 and more | C26: 1800 | D26: 1070.33 | E26: =D26/$D$33 -> 0.69501948
B27: TOTAL | C27: =SUM(C7:C26) -> 150873 | D27: 573.02 | E27: =D27/$D$33 -> 0.37209091
B28: 0 - 34 | C28: 97252 | D28: 472.84 | E28: =D28/$D$33 -> 0.30703896
B29: 35 - 39 | C29: 29569 | D29: 694.89 | E29: =D29/$D$33 -> 0.45122727
B30: 40 and more | C30: 24052 | D30: 828.24 | E30: =D30/$D$33 -> 0.53781818
B31: ='starosna mirovina BMU'!B31 -> Number of beneficiaries not including Active Military Personnel (DVO), Police Officers (PO), Authorised Officials (OSO), Croatian Veterans from the Homeland War- ZOHBDR and Members of the Croatian Defence Council (HVO).
B33: ='starosna mirovina BMU'!B33:C33 -> Prosječna mjesečna isplaćena netoplaća Republike Hrvatske za srpanj 2026. u eurima (EUR) (izvor: DZS) | D33: ='starosna mirovina BMU'!D33 -> 1540

Sheet UKUPNO BMU
B2: UKUPNO KORISNICI MIROVINA KOJI SU PRAVO NA MIROVINU OSTVARILI PREMA ZAKONU O MIROVINSKOM OSIGURANJU - BEZ MEĐUNARODNIH UGOVORA
B5: ='PSM BMU'!B5 -> For August 2026 (paid in September 2026)
B6: godine mirovinskog staža | C6: broj korisnika | D6: prosječni iznos netomirovine | E6: ='starosna mirovina BMU'!E6 -> Net replacement rate for July 2026.
B7: do - 19 | C7: 158298 | D7: 294.107 | E7: =D7/$D$33 -> 0.19097857
B8: 20 - 24 | C8: 99329 | D8: 359.33 | E8: =D8/$D$33 -> 0.23333117
B9: 25 - 29 | C9: 105176 | D9: 440.97 | E9: =D9/$D$33 -> 0.28634416
B10: 30 | C10: 50801 | D10: 486.06 | E10: =D10/$D$33 -> 0.31562338
B11: 31 | C11: 33286 | D11: 496.26 | E11: =D11/$D$33 -> 0.32224675
B12: 32 | C12: 32567 | D12: 502.48 | E12: =D12/$D$33 -> 0.32628571
B13: 33 | C13: 29216 | D13: 520.65 | E13: =D13/$D$33 -> 0.33808442
B14: 34 | C14: 23746 | D14: 540.47 | E14: =D14/$D$33 -> 0.35095455
B15: 35 | C15: 89559 | D15: 573.68 | E15: =D15/$D$33 -> 0.37251948
B16: 36 | C16: 40885 | D16: 580.12 | E16: =D16/$D$33 -> 0.3767013
B17: 37 | C17: 36836 | D17: 601.11 | E17: =D17/$D$33 -> 0.39033117
B18: 38 | C18: 34031 | D18: 628.59 | E18: =D18/$D$33 -> 0.40817532
B19: 39 | C19: 29085 | D19: 666.07 | E19: =D19/$D$33 -> 0.43251299
B20: 40 | C20: 53688 | D20: 688.18 | E20: =D20/$D$33 -> 0.44687013
B21: 41 | C21: 45440 | D21: 673.14 | E21: =D21/$D$33 -> 0.4371039
... B25: 45 | C25: 10620 | D25: 799.83 | E25: =D25/$D$33 -> 0.51937013
B26: 46 I VIŠE | C26: 17296 | D26: 889.32 | E26: =D26/$D$33 -> 0.57748052
B27: UKUPNO | C27: 945484 | D27: 512.73 | E27: =D27/$D$33 -> 0.33294156
B28: 0 - 34 | C28: 532419 | D28: 402.41 | E28: =D28/$D$33 -> 0.26130519
B29: 35 - 39 | C29: 230396 | D29: 598.98 | E29: =D29/$D$33 -> 0.38894805
B30: 40 I VIŠE | C30: 182669 | D30: 725.5 | E30: =D30/$D$33 -> 0.4711039
B33: ='starosna mirovina BMU'!B33:C33 -> Prosječna mjesečna isplaćena netoplaća Republike Hrvatske za srpanj 2026. u eurima (EUR) (izvor: DZS) | D33: ='starosna mirovina BMU'!D33 -> 1540
